 Dungeon Crawl Stone Soup version 0.30-a0-305-g026cb31310 (webtiles) character file.

Game seed: 43037767614569255

2016 Lobster4 the Stinger (level 9, -2/72 HPs)
             Began as a Purple Draconian Venom Mage on Oct 23, 2022.
             Was a Believer of the Shining One.
             Slain by a steam dragon (3 damage)
             ... on level 7 of the Dungeon.
             The game lasted 00:22:13 (7008 turns).

Lobster4 the Stinger (Purple Draconian Venom Mage)  Turns: 7008, Time: 00:22:14

Health: -2/72      AC:  9    Str: 13    XL:     9   Next: 3%
Magic:  16/16      EV: 16    Int: 17    God:    the Shining One [**....]
Gold:   298        SH:  0    Dex: 12    Spells: 12/18 levels left

rFire   x . .      SeeInvis .    a - +4 short sword
rCold   + . .      Faith    .    (no shield)
rNeg    + . .      Spirit   .    (body armour unavailable)
rPois   .          Reflect  .    (helmet restricted)
rElec   .          Harm     .    C - +1 cloak
rCorr   .          Rampage  .    (no gloves)
Will    +....                    (no boots)
Stlth   +.........               (no amulet)
HPRegen 0.32/turn                p - +4 ring of evasion
MPRegen 0.15/turn                y - ring of ice

@: about to teleport, short of breath, glowing
A: breathe power, AC +7, unfitting armour, cold-blooded
a: Breathe Dispelling Energy, Renounce Religion, Divine Shield


You were on level 7 of the Dungeon.
You worshipped the Shining One.
The Shining One was pleased with you.
You visited 2 branches of the dungeon, and saw 8 of its levels.

You collected 298 gold pieces.

Inventory:

Hand Weapons
 a - a +4 short sword (weapon)
 b - a +0 sling
 c - a +0 shortbow
 f - a +0 short sword
 n - a +0 broad axe
Missiles
 m - 15 poisoned darts (quivered)
Armour
 C - a +1 cloak (worn)
Magical Staves
 l - a staff of air
 q - a staff of conjuration
Jewellery
 p - a +4 ring of evasion (left hand)
 y - a ring of ice (right hand)
 A - a ring of protection from fire
Wands
 u - a wand of iceblast (13)
 x - a wand of flame (18)
Scrolls
 i - a scroll of poison {unknown}
 k - a scroll of teleportation
 o - a scroll of magic mapping
 r - a scroll of fear {unknown}
 s - a scroll of torment {unknown}
 t - a scroll of enchant armour {unknown}
 w - a scroll of enchant weapon {unknown}
 z - a scroll of immolation {unknown}
 B - a scroll of acquirement {unknown}
Potions
 d - a potion of magic
 e - 2 potions of might
 h - 2 potions of mutation {unknown}
 j - 2 potions of attraction {unknown}
 v - 2 potions of lignification {unknown}


   Skills:
 + Level 4.4 Fighting
 + Level 3.7 Short Blades
 + Level 3.3 Dodging
 - Level 2.0 Stealth
 + Level 5.2 Spellcasting
 + Level 2.2 Conjurations
 + Level 4.3 Transmutations
 - Level 3.0 Air Magic
 + Level 5.3 Poison Magic
 - Level 3.0 Invocations
 + Level 3.1 Evocations


You had 12 spell levels left.
You knew the following spells:

 Your Spells              Type           Power      Damage    Failure   Level
a - Sting                 Tmut/Pois      80%        1d7       1%          1
b - Poisonous Vapours     Pois/Air       36%        N/A       3%          2
c - Mephitic Cloud        Conj/Pois/Air  16%        N/A       10%         3

Your spell library contained the following spells:

 Spells                   Type           Power      Damage    Failure   Level
 Olgreb's Toxic Radiance  Pois           22%        N/A       16%         4
 Scorch                   Fire           8%         2d5       22%         2
 Flame Wave               Conj/Fire      8%         2d5       65%         4
 Summon Cactus Giant      Summ           2%         N/A       100%        6


Dungeon Overview and Level Annotations

Branches:
Dungeon (7/15)             Temple (1/1) D:4

Altars:
Ashenzari
Cheibriados
Dithmenos
Fedhas
Gozag
Hepliaklqana
Kikubaaqudgha
Makhleb
Okawaru
Sif Muna
Trog
Uskayaw
Vehumet
Wu Jian
Xom
Zin
The Shining One

Shops:
D:1 *   D:5 =

Annotations:
D:4 1 runed translucent door, McGhostyFace's ghost, amateur GnDe


Innate Abilities, Weirdness & Mutations

You can breathe bolts of dispelling energy.
Your rich purple scales are hard. (AC +7)
You cannot fit into any form of body armour.
You are cold-blooded and may be slowed by cold attacks.


Message History

Press: ? - help, Shift-Dir - straight line, f/p - orc priest
Aim: an orc priest, wielding a +0 club (severely wounded, haloed, 81% to hit)
The puff of flame hits the steam dragon.
The steam dragon is heavily wounded.
The steam dragon completely misses you.
The steam dragon claws you but does no damage.
The gnoll closely misses you.
Aiming: Throw Flame
Press: ? - help, Shift-Dir - straight line, f/p - orc priest
Aim: an orc priest, wielding a +0 club (severely wounded, haloed, 81% to hit)
The puff of flame hits the steam dragon!
The steam dragon is severely wounded.
The steam dragon breathes steam at you. The ball of steam hits you!
The steam scalds you terribly!
* * * LOW HITPOINT WARNING * * *
The orc priest calls down the wrath of Beogh upon you.
Beogh smites you!
* * * LOW HITPOINT WARNING * * *
The gnoll misses you.
You hear a shout!
You feel better.
You are engulfed in a cloud of scalding steam.
* * * LOW HITPOINT WARNING * * *
The steam dragon bites you.
* * * LOW HITPOINT WARNING * * *
The steam dragon claws you.
* * * LOW HITPOINT WARNING * * *
The gnoll hits you from afar with a +0 spear.
The Shining One protects you from harm!
As you read the scroll of teleportation, it crumbles to dust.
You feel strangely unstable. The steam dragon closely misses you.
The steam dragon misses you.
The steam dragon attacks as you move away!
The steam dragon bites you.
* * * LOW HITPOINT WARNING * * *
The steam dragon completely misses you.
Okay, then.
The steam dragon attacks as you move away!
The steam dragon bites you.
You die...

##..#.[ #..
#.#..#g# #.#
#..#..#D #..#
#..#...#..#
#..#.#g.# #..#.o#
#ยง### ##D##
#@#.# #.#.# #.#
#.#.#.# #.#
#.#.#.# #.#
#.#.#.# ##.#
#.#.#.# #..#
#.#.#.#
#######..##
#.#.#.#
#..<......###.#.#


You could see a steam dragon.

Vanquished Creatures
  A hornet (D:5)
  3 ice beasts
  An orc warrior (D:6)
  A black bear (D:6)
  A centaur (D:4)
  3 bullfrogs (D:6)
  3 necrophages
  5 scorpions
  2 quasits (D:4)
  2 hounds
  A jelly (D:6)
  Crazy Yiuf (D:6)
  An orc priest (D:6)
  2 iguanas
  An orc wizard (D:5)
  6 adders
  7 gnolls
  3 shadow imps
  6 white imps
  5 ufetubi (D:4)
  A worm (D:4)
  4 dart slugs
  9 orcs
  10 endoplasms
  3 giant cockroaches (D:1)
  6 goblins
  9 hobgoblins
  9 jackals
  3 quokkas
  7 ball pythons
  8 bats
  6 kobolds
  3 rats
133 creatures vanquished.

Vanquished Creatures (others)
  4 plants (D:1)
4 creatures vanquished.

Grand Total: 137 creatures vanquished

Notes
Turn   | Place    | Note
-------+----------+-------------------------------------------
     0 | D:1      | Lobster4 the Draconian Venom Mage began the quest for the
                  | Orb.
     0 | D:1      | Reached XP level 1. HP: 14/14 MP: 3/3
   251 | D:1      | Reached XP level 2. HP: 17/22 MP: 1/5
   546 | D:1      | Found Fisku's General Store.
   592 | D:1      | Reached skill level 1 in Fighting
  1033 | D:2      | Reached XP level 3. HP: 28/28 MP: 4/6
  1223 | D:2      | Learned a level 2 spell: Poisonous Vapours
  1408 | D:2      | Reached XP level 4. HP: 35/35 MP: 1/7
  1671 | D:2      | Reached skill level 1 in Short Blades
  2236 | D:2      | Reached XP level 5. HP: 7/41 MP: 6/9
  3318 | D:4      | Reached skill level 1 in Air Magic
  3394 | D:4      | Found a runed translucent door.
  3396 | D:4      | Noticed McGhostyFace's ghost (amateur GnDe)
  3462 | D:4      | Reached XP level 6. HP: 39/50 MP: 10/10
  3802 | D:4      | Found a staircase to the Ecumenical Temple.
  3827 | Temple   | Entered the Ecumenical Temple
  3929 | Temple   | Became a worshipper of the Shining One
  4206 | D:5      | Entered Level 5 of the Dungeon
  4212 | D:5      | Noticed a hornet
  4221 | D:5      | Killed a hornet
  4221 | D:5      | Reached * piety under the Shining One
  4222 | D:5      | Reached skill level 1 in Invocations
  4222 | D:5      | Your scales start taking on a rich purple colour.
  4222 | D:5      | Reached skill level 1 in Evocations
  4222 | D:5      | Reached XP level 7. HP: 4/57 MP: 4/13
  4626 | D:5      | Learned a level 3 spell: Mephitic Cloud
  4741 | D:5      | Found Feukhlemo's Jewellery Boutique.
  4913 | D:5      | Identified the +3 scale mail of the Miller {-Tele rC+ rN+
                  | Stlth+}
  5072 | D:5      | Reached XP level 8. HP: 64/64 MP: 12/14
  5353 | D:6      | Reached skill level 1 in Conjurations
  5448 | D:6      | Found an iron altar of Okawaru.
  5625 | D:6      | Found a bloodstained altar of Trog.
  5890 | D:6      | Found a runed translucent door.
  5891 | D:6      | Noticed Crazy Yiuf
  5899 | D:6      | Killed Crazy Yiuf
  6166 | D:6      | Reached skill level 5 in Poison Magic
  6292 | D:6      | Reached skill level 5 in Spellcasting
  6609 | D:6      | Found a blossoming altar of Fedhas.
  6988 | D:7      | Reached ** piety under the Shining One
  7002 | D:7      | Reached XP level 9. HP: 35/72 MP: 16/16
  7004 | D:7      | HP: 2/72 [steam dragon (4)]
  7004 | D:7      | The Shining One protects you from harm!
  7008 | D:7      | Slain by a steam dragon

Illustrated notes

Levels and vault maps discovered:
D:1:      mrwooster_arrival_statue_3, layout_rooms, serial_shops,
          nicolae_shop_hallway_plus, chequers_serial_rivers_micro_a,
          serial_bayou_lake_a
D:2:      layout_basic, kennysheep_generic_room_10
D:3:      layout_loops_corners
D:4:      layout_basic, minmay_temple_entry_statues_fountains, serial_demonic,
          serial_demonic_f, serial_demonic_a, serial_demonic_d,
          serial_demonic_a, gammafunk_ghost_grave
D:5:      layout_cave_pools, serial_shops, nicolae_diamond_shop,
          amcnicky_mini_corridor_feature, minivault_25
D:6:      layout_gridville, mainiacjoe_overflow_large_starburst, bloody_trog,
          corexii_checkpoint_a, uniq_crazy_yiuf_cottage
D:7:      minmay_the_grid_octo_2x2 [minmay_the_grid_octo_toaster,
          minmay_the_grid_octo_thin_diamonds, minmay_the_grid_octo_chip,
          minmay_the_grid_octo_prize_ultimate_mussel_roller],
          layout_loops_corners, serial_undead, serial_undead_e, serial_undead_b,
          serial_undead_d, serial_undead_e, serial_undead_c, serial_undead_d
Temple:   nicolae_temple_great_sept

Skill      XL: |  1  2  3  4  5  6  7  8 |
---------------+-------------------------+-----
Dodging        | 2 3 |  3.3
Stealth        | 2 |  2.0
Fighting       | 1 2 3 4 |  4.4
Short Blades   | 1 2 3 |  3.7
Transmutations | 2 3 4 |  4.3
Air Magic      | 1 2 3 |  3.0
Spellcasting   | 3 4 5 |  5.2
Poison Magic   | 4 5 |  5.3
Invocations    | 1 2 3 |  3.0
Evocations     | 1 2 3 |  3.1
Conjurations   | 2 |  2.2

Action                   |  1- 3 |  4- 6 |  7- 9 || total
-------------------------+-------+-------+-------++-------
Melee: Short sword       |    62 |   112 |   146 ||   320
       Unarmed           |     2 |       |       ||     2
       Tailslap          |    11 |    12 |    37 ||    60
       Punch             |       |     2 |     1 ||     3
 Cast: Sting             |    50 |    65 |    66 ||   181
       Poisonous Vapours |       |       |    23 ||    23
 Abil: Breathe Dispellin |       |       |     2 ||     2
Evoke: Wand              |       |       |     2 ||     2
  Use: Scroll            |       |     1 |     7 ||     8
       Potion            |       |     1 |     2 ||     3
 Stab: Sleeping          |     2 |       |       ||     2
Armor: Skin              |    31 |    40 |    46 ||   117
Dodge: Dodged            |    65 |   142 |   177 ||   384

Table legend: (Time is in decaauts)
 A = Elapsed time spent in this place.
 B = Non-inter-level travel time spent in this place.
 C = Inter-level travel time spent in this place.
 D = Time resting spent in this place.
 E = Time spent auto-exploring this place.
 F = Levels seen in this place.
 G = Mean time per level.
                   A        B        C        D        E       F      G
               +--------+--------+--------+--------+--------+-----+--------+
         Total |   7023 |   6655 |    368 |   1471 |   3532 |   8 |  877.9 |
       Dungeon |   6910 |   6551 |    359 |   1471 |   3445 |   7 |  987.1 |
        Temple |    112 |    103 |      9 |      0 |     87 |   1 |  112.0 |
               +--------+--------+--------+--------+--------+-----+--------+

Top non-repeatable levels by time:
     D:6: 1585 daAuts
     D:2: 1251 daAuts
     D:3: 1189 daAuts
     D:4: 1187 daAuts
     D:1: 865 daAuts
     D:5: 726 daAuts
  Temple: 112 daAuts
     D:7: 104 daAuts
